 Dungeon Crawl Stone Soup version 0.31-a0-145-g046c7d2549 (webtiles) character file.

Game seed: 7573395420451472666

2919 uvd540 the Fighter (level 9, -1/81 HPs)
             Began as a Minotaur Berserker on June 6, 2023.
             Was a Priest of Trog.
             Slain by a shadow (3 damage)
             ... on level 8 of the Dungeon.
             The game lasted 00:37:23 (5790 turns).

uvd540 the Fighter (Minotaur Berserker)             Turns: 5790, Time: 00:37:23

Health: -1/81      AC: 16    Str: 23    XL:     9   Next: 50%
Magic:  8/8        EV:  8    Int:  4    God:    Trog [***...]
Gold:   204        SH:  7    Dex: 13    Spells: 8/8 levels left

rFire   . . .        s - +1 spear (vamp)
rCold   . . .        b - +0 kite shield
rNeg    . . .        d - +0 plate armour
rPois   .            (helmet restricted)
rElec   .            (no cloak)
rCorr   .            A - +0 pair of gloves
SInv    .            p - +0 pair of boots
Will    .....        q - amulet of the acrobat Stlth
                     (no ring)
HPRegen 0.33/turn    (no ring)
MPRegen 0.11/turn

%: acrobat
@: mighty, on berserk cooldown, slowed, studying Polearms, very slow
A: horns 2, retaliatory headbutt
a: Renounce Religion, Berserk, Trog's Hand


You were on level 8 of the Dungeon.
You worshipped Trog.
Trog was most pleased with you.
You visited 1 branch of the dungeon, and saw 8 of its levels.

You collected 457 gold pieces.
You spent 253 gold pieces at shops.

Inventory:

Hand Weapons
 s - a +1 vampiric spear (weapon)
 C - a +2 flail of holy wrath
 E - a +3 battleaxe
Missiles
 h - 4 poisoned darts (quivered)
 v - 3 silver javelins
Armour
 b - a +0 kite shield (worn)
 d - a +0 plate armour (worn)
 p - a +0 pair of boots (worn)
 A - a +0 pair of gloves (worn)
 F - a +0 robe
Jewellery
 q - an amulet of the acrobat (around neck)
Wands
 x - a wand of paralysis (2)
 D - a wand of roots (14)
Scrolls
 a - 2 scrolls of fog
 e - 7 scrolls of identify
 f - 2 scrolls of amnesia
 g - 3 scrolls of teleportation
 i - 2 scrolls of immolation {unknown}
 j - 2 scrolls of blinking {unknown}
 n - a scroll of torment {unknown}
 t - a scroll of enchant weapon {unknown}
 y - a scroll of poison {unknown}
Potions
 c - 2 potions of might
 k - a potion of haste {unknown}
 l - 3 potions of brilliance {unknown}
 m - 2 potions of degeneration {unknown}
 o - 2 potions of attraction {unknown}
 r - 2 potions of mutation
 u - 3 potions of heal wounds {unknown}
 w - 3 potions of cancellation {unknown}
 z - a potion of berserk rage {unknown}


   Skills:
 + Level 8.0 Fighting
 - Level 3.4 Long Blades
 + Level 5.0(7.1) Axes
 - Level 4.0(5.2) Maces & Flails
 * Level 6.4(7.3) Polearms
 + Level 2.2 Throwing
 + Level 7.5 Armour
 + Level 6.7 Dodging
 + Level 1.5 Shields


You had 8 spell levels left.
You didn't know any spells.
Your spell library contained the following spells:

 Spells                   Type           Power      Damage    Failure   Level
 Conjure Ball Lightning   Conj/Air       0%         3x3d6     100%        6
 Discord                  Hex            0%         N/A       100%        8
 Disjunction              Tloc           0%         N/A       100%        8


Dungeon Overview and Level Annotations

Branches:
Dungeon (8/15)             Temple (0/1) D:7
   Lair: D:8-11

Altars:
Cheibriados
Dithmenos
Elyvilon
Fedhas
Hepliaklqana
Sif Muna
Uskayaw
Yredelemnul

Shops:
D:4 =*   D:6 *

Annotations:
D:5 1 runed translucent door, Crazy Yiuf
D:6 2 transporters, abessonov's ghost, amateur FoHs


Innate Abilities, Weirdness & Mutations

You have a pair of horns on your head.
You reflexively headbutt those who attack you in melee.


Message History

You puncture the steam dragon!
You feel better.
The steam dragon is almost dead.
A howler monkey comes into view.
You block the steam dragon's attack. The steam dragon completely misses you.
Something hits you but does no damage.
You hit the steam dragon.
You feel better.
You kill the steam dragon!
Trog accepts your kill. The orc hits you with a +0 dagger.
Something hits you but does no damage.
The orc priest calls down the wrath of Beogh upon you.
Pain shoots through your body!
The howler monkey hoots and howls with incredible vigour!
You hear an angry buzzing noise.
As you read the scroll of teleportation, it crumbles to dust.
You feel strangely unstable.
The howler monkey hoots and howls with incredible vigour!
The orc hits you but does no damage. Something hits you but does no damage.
The orc priest invokes the aid of Beogh against you.
Beogh smites you!
* * * LOW HITPOINT WARNING * * *
The orc priest begins to cast a cantrip, but forgets the words!
The orc closely misses you. You furiously retaliate!
You headbutt the orc!
You kill the orc!
Trog accepts your kill. Something hits you but does no damage.
You hear an angry buzzing noise. x2
You hit the orc priest.
You feel better.
The orc priest is lightly wounded.
Your surroundings suddenly seem different.
A shadow comes into view.
Found 4 stones.
The shadow slips into darkness.
The shadow flickers and vanishes!
You feel mightier all of a sudden.
You puncture something! Your headbutt misses something.
The shadow strikes at you from the darkness!
* * * LOW HITPOINT WARNING * * *
Reactivating autopickup.
The shadow hits you.
You die...

#.
.............
#
............
...........
#..........
#..........
#..........
#.........#
#..@W.....#
#....(....#
#.........#
#.........#
###########


You could see a shadow.

Vanquished Creatures
  Grinder (D:4)
  Eustachio (D:4)
  2 steam dragons (D:8)
  2 water moccasins
  2 orc warriors
  3 ice beasts (D:7)
  A black bear (D:6)
  3 ogres
  2 phantoms
  4 bullfrogs
  A gnoll sergeant (D:7)
  5 wights
  A killer bee (D:8)
  A gnoll bouda (D:5)
  An orc priest (D:7)
  A hound (D:6)
  7 orc wizards
  17 gnolls
  An adder (D:2)
  A shadow imp (D:5)
  A white imp (D:7)
  An ufetubus (D:6)
  2 dart slugs
  23 orcs
  8 endoplasms
  2 giant cockroaches (D:4)
  8 goblins
  3 hobgoblins
  2 jackals (D:1)
  6 kobolds
  8 quokkas
  5 ball pythons
  5 bats
  6 frilled lizards
  3 rats
140 creatures vanquished.

Notes
Turn   | Place    | Note
-------+----------+-------------------------------------------
     0 | D:1      | uvd540 the Minotaur Berserker began the quest for the Orb.
     0 | D:1      | Reached XP level 1. HP: 19/19 MP: 0/0
   136 | D:1      | Found a faded altar of an unknown god.
   139 | D:1      | Reached XP level 2. HP: 27/27 MP: 1/1
   278 | D:1      | Reached skill level 4 in Fighting
   573 | D:1      | Reached XP level 3. HP: 27/33 MP: 2/2
   726 | D:1      | Reached ** piety under Trog
   911 | D:2      | Reached skill level 1 in Axes
   919 | D:2      | Reached XP level 4. HP: 21/41 MP: 3/3
  1918 | D:3      | Found a hide-covered altar of Uskayaw.
  2149 | D:3      | Noticed a phantom
  2163 | D:3      | Killed a phantom
  2164 | D:3      | Reached skill level 5 in Fighting
  2164 | D:3      | Reached XP level 5. HP: 43/48 MP: 4/4
  2303 | D:3      | Found a hazy altar of Hepliaklqana.
  2746 | D:4      | Reached *** piety under Trog
  2747 | D:4      | Reached XP level 6. HP: 56/56 MP: 5/5
  2758 | D:4      | Found Saifru's Jewellery Shop.
  2840 | D:4      | Noticed Eustachio
  2851 | D:4      | Killed Eustachio
  2990 | D:4      | Reached skill level 5 in Armour
  3071 | D:4      | Reached XP level 7. HP: 62/62 MP: 6/6
  3130 | D:4      | Found Qehaej's General Store.
  3139 | D:4      | Bought 2 potions of might for 88 gold pieces
  3139 | D:4      | Bought a potion of mutation for 88 gold pieces
  3231 | D:4      | Noticed Grinder
  3246 | D:4      | Paralysed by Grinder for 3 turns
  3251 | D:4      | Killed Grinder
  3252 | D:4      | Reached skill level 6 in Fighting
  3417 | D:5      | Entered Level 5 of the Dungeon
  3417 | D:5      | Noticed a torpor snail
  3417 | D:5      | Noticed a torpor snail
  3417 | D:5      | Found a snail-covered altar of Cheibriados.
  3465 | D:5      | Noticed a torpor snail
  3710 | D:5      | Found a runed translucent door.
  3711 | D:5      | Noticed Crazy Yiuf
  3735 | D:5      | Found a shimmering blue altar of Sif Muna.
  3735 | D:5      | Found a blossoming altar of Fedhas.
  3739 | D:5      | Found a basalt altar of Yredelemnul.
  3797 | D:5      | Reached skill level 1 in Polearms
  3797 | D:5      | Reached skill level 5 in Dodging
  3910 | D:5      | Found a white marble altar of Elyvilon.
  4117 | D:6      | Found Osiogay's General Store.
  4131 | D:6      | Reached XP level 8. HP: 65/71 MP: 7/7
  4144 | D:6      | Bought a scroll of identify for 22 gold pieces
  4144 | D:6      | Bought a scroll of identify for 22 gold pieces
  4144 | D:6      | Bought a potion of curing for 33 gold pieces
  4215 | D:6      | Identified the +5 quarterstaff of Absolution {drain, SInv}
  4400 | D:6      | Found a transporter.
  4401 | D:6      | Identified the staff of air "Jaumaeto" {rElec rF+ Stlth+}
  4402 | D:6      | Noticed abessonov's ghost (amateur FoHs)
  4460 | D:6      | Found a transporter.
  4676 | D:7      | Reached skill level 7 in Fighting
  4708 | D:7      | Reached skill level 5 in Polearms
  4932 | D:7      | Reached skill level 1 in Long Blades
  4946 | D:7      | Found a shadowy altar of Dithmenos.
  5016 | D:7      | Reached XP level 9. HP: 74/79 MP: 8/8
  5031 | D:7      | Reached skill level 1 in Throwing
  5470 | D:7      | Found a staircase to the Ecumenical Temple.
  5711 | D:8      | Reached skill level 1 in Shields
  5713 | D:8      | Reached skill level 8 in Fighting
  5777 | D:8      | Reached skill level 5 in Axes
  5790 | D:8      | HP: 2/81 [something (20)]
  5790 | D:8      | Slain by a shadow

Illustrated notes

Levels and vault maps discovered:
D:1:      dpeg_arrival_simpleton_c, layout_basic, basic_ecumenical_altar,
          kennysheep_another_room
D:2:      layout_basic, kennysheep_generic_room_13
D:3:      layout_basic, marbit_many_paths, lemuel_coloured_pillars_altar,
          grunt_ministairs_8
D:4:      layout_loops_ring, serial_shops, shop_fountains, nicolae_shop_trees,
          uniq_eustachio, uniq_grinder
D:5:      layout_basic, lemuel_round_altar, cheibriados_altar_2, minitemple,
          uniq_crazy_yiuf_cottage
D:6:      layout_cave_pools, serial_shops, shop, gammafunk_ghost_arena
D:7:      layout_rooms, mainiacjoe_overflow_concentric_impassable,
          minmay_temple_entry_grid, minmay_manual_moon
D:8:      layout_basic, serial_shops, nicolae_shop_tiny_real_fake_doors,
          minmay_misc_feat_rugged, hex_medium, st_stairs_6, minivault_23

Skill      XL: |  1  2  3  4  5  6  7  8  9 |
---------------+----------------------------+-----
Fighting       | 4 5 6 7 8 |  8.0
Maces & Flails | 4 |  4.0
Armour         | 3 4 5 7 |  7.5
Axes           | 1 2 3 4 5 |  5.0
Dodging        | 3 4 5 6 |  6.7
Polearms       | 2 5 6 |  6.4
Long Blades    | 1 3 |  3.4
Throwing       | 2 |  2.2
Shields        | 1 |  1.5

Action                     |  1- 3 |  4- 6 |  7- 9 || total
---------------------------+-------+-------+-------++-------
  Melee: Mace              |    64 |       |       ||    64
         Headbutt          |    10 |    15 |    47 ||    72
         War axe           |    20 |   108 |    27 ||   155
         Punch             |       |     1 |     7 ||     8
         Spear             |       |       |   165 ||   165
         Long sword        |       |       |    53 ||    53
   Fire: Sling             |     3 |       |       ||     3
  Throw: Javelin           |       |       |     5 ||     5
         Dart              |       |       |     6 ||     6
 Invoke: Berserk           |       |     1 |     3 ||     4
         Trog's Hand       |       |       |     1 ||     1
  Evoke: Wand              |       |       |     3 ||     3
    Use: Scroll            |     2 |     3 |     2 ||     7
         Potion            |       |       |     6 ||     6
   Stab: Paralysed         |       |       |    12 ||    12
 Armour: Scale mail        |    29 |       |       ||    29
         Chain mail        |     6 |       |       ||     6
         Plate armour      |    19 |    58 |   167 ||   244
  Dodge: Dodged            |    59 |    46 |   129 ||   234
  Block: Kite shield       |       |       |    16 ||    16

Table legend: (Time is in decaauts)
 A = Elapsed time spent in this place.
 B = Non-inter-level travel time spent in this place.
 C = Inter-level travel time spent in this place.
 D = Time resting spent in this place.
 E = Time spent auto-exploring this place.
 F = Levels seen in this place.
 G = Mean time per level.
                   A        B        C        D        E       F      G
               +--------+--------+--------+--------+--------+-----+--------+
         Total |   5887 |   5679 |    208 |      0 |   3381 |   8 |  735.9 |
       Dungeon |   5887 |   5679 |    208 |      0 |   3381 |   8 |  735.9 |
               +--------+--------+--------+--------+--------+-----+--------+

Top non-repeatable levels by time:
     D:7: 998 daAuts
     D:2: 920 daAuts
     D:4: 902 daAuts
     D:1: 888 daAuts
     D:3: 783 daAuts
     D:5: 701 daAuts
     D:6: 525 daAuts
     D:8: 166 daAuts
